 Dungeon Crawl Stone Soup version 0.14.0-12-g87ee3b7 (webtiles) character file.

212 sprout the Fey Human (level 4, 0/33 HPs)
             Began as a Human Death Knight on Apr 15, 2014.
             Was a Believer of Yredelemnul.
             Slain by an orc
             ... wielding a +0,+0 hand axe
              (4 damage)
             ... on Level 2 of the Dungeon.
             The game lasted 00:08:32 (2022 turns).

sprout the Fey Human (Human Death Knight)           Turns: 2022, Time: 00:08:32

HP   0/33        AC  3     Str 14      XL: 4   Next: 32%
MP   7/7         EV 11     Int 11      God: Yredelemnul [**....]
Gold 148         SH  0     Dex 13      Spells:  0 memorised,  3 levels left

rFire  . . .     SeeInvis .     a - +1 spear
rCold  . . .     Clarity  .     b - +0 leather armour
rNeg   . . .     Conserve .     (no shield)
rPois  .         rCorr    .     (no helmet)
rElec  .         rRot     .     (no cloak)
SustAb . .       Spirit   .     (no gloves)
rMut   .         Warding  .     (no boots)
Saprov . . .     Stasis   .     (no amulet)
MR     .....                    (no ring)
                                (no ring)

@: not resistant to hostile enchantments, very unstealthy
A: no striking features
a: Animate Remains, Recall Undead Slaves, Injury Mirror, Renounce Religion


You were on level 2 of the Dungeon.
You worshipped Yredelemnul.
Yredelemnul was pleased with you.
You were not hungry.

You visited 1 branch of the dungeon, and saw 3 of its levels.

You collected 148 gold pieces.

Inventory:

Hand weapons
 a - a +1,+1 spear (weapon)
 o - a +1,+2 vampiric whip
Armour
 b - a +0 leather armour (worn)
 f - a +0 shield
 r - a +0 pair of boots
Comestibles
 c - 2 bread rations
 p - a meat ration
Scrolls
 e - 2 scrolls of enchant armour
 g - 4 scrolls of identify {unknown}
 k - a scroll of magic mapping {unknown}
 m - a scroll of remove curse {unknown}
 s - a scroll of teleportation {unknown}
Jewellery
 h - an uncursed ring of protection from fire {unknown}
Potions
 d - a potion of mutation {unknown}
 i - 2 potions of restore abilities {unknown}
 j - a potion of agility {unknown}
 l - 2 potions of curing {unknown}
 n - a potion of magic {unknown}
 q - a potion of invisibility {unknown}


   Skills:
 + Level 2.2 Fighting
 + Level 2.6 Polearms
 + Level 1.6 Armour
 + Level 1.8 Dodging
 + Level 3.8 Invocations


You had 3 spell levels left.
You didn't know any spells.

Dungeon Overview and Level Annotations

Branches:
Dungeon (3/15)

Altars:
Nemelex Xobeh


Message History

The orc wizard is heavily wounded.
The orc wizard hits you but does no damage.
The orc hits you with a hand axe! The orc wizard hits you with a dagger.
* * * LOW HITPOINT WARNING * * *
There is a stone staircase leading up here.
The orc wizard barely misses you. The orc hits you but does no damage.
The orc wizard hits you with a dagger.
* * * LOW HITPOINT WARNING * * *
You climb upwards.
There is a stone staircase leading down here.
Read which item? (? for menu, Esc to quit)
As you read the scroll labeled HESIV OKEOTOR, it crumbles to dust.
It is a scroll of enchant armour.
Enchant which item? (? for menu, Esc to quit)
As you read the scroll labeled HESIV OKEOTOR, it crumbles to dust.
Your pair of embroidered boots glows green for a moment.
The orc wizard hits you but does no damage.
The orc hits you with a hand axe.
You die...
Your body rises from the dead as a mindless zombie.

###### ###### #########
.....####....######.......#
.............##..o........#
.....###.....##.@.........#
.............##o..........#
..........................#
##...........#.......######
##...........#.......##
.#...........#........#
.............#........#
.#.........#..........#
.+....................#


You could see an orc wizard and an orc.

Vanquished Creatures
  An adder (D:2)
  A worm (D:3)
  3 hobgoblins
  4 bats
  A giant cockroach (D:3)
  4 giant newts
  4 goblins
  6 kobolds
  7 rats
31 creatures vanquished.

Vanquished Creatures (collateral kills)
  An adder (D:2)
  A worm (D:3)
  An ooze (D:2)
  A goblin (D:1)
  A hobgoblin (D:1)
  A ball python (D:2)
  A bat (D:2)
  A rat (D:3)
8 creatures vanquished.

Vanquished Creatures (others)
  A kobold zombie (D:3)
  A rat zombie (D:2)
2 creatures vanquished.

Grand Total: 41 creatures vanquished

Notes
Turn   | Place    | Note
--------------------------------------------------------------
     0 | D:1      | sprout, the Human Death Knight, began the quest for the Orb.
     0 | D:1      | Reached XP level 1. HP: 16/16 MP: 2/2
     0 | D:1      | Noticed an iron imp
     2 | D:1      | Noticed Pnox Ater the pandemonium lord
    17 | D:1      | Noticed a blue devil
    28 | D:1      | Noticed a hell beast
    50 | D:1      | Noticed an Executioner
   309 | D:1      | Reached XP level 2. HP: 20/22 MP: 3/3
   358 | D:1      | Found a sparkling altar of Nemelex Xobeh.
  1004 | D:2      | Reached XP level 3. HP: 27/27 MP: 5/5
  1092 | D:2      | Acquired Yredelemnul's second power
  1663 | D:3      | Reached XP level 4. HP: 26/33 MP: 7/7
  2022 | D:2      | Slain by an orc

Action                   |  1- 3 |  4- 6 || total
-------------------------+-------+-------++-------
Melee: Spear             |   110 |    38 ||   148
Invok: Animate Remains   |    13 |     3 ||    16
  Use: Scroll            |     1 |     1 ||     2
